AoeStats
← Juyhou

Pilgrims

507304638Analyzed
4v4 RM · 16d ago on Sep 17, 2026· 45m 14s· 8 players
Game mode
Random Map
Map size
Large (8 player)
Population
200
Speed
Normal
Resources
Standard
Victory
Conquest
Starting age
Dark Age
Ending age
Imperial Age
RankedLock teamsTeams togetherTeam positionsShared explorationLock speedFull tech treeHidden civsTurbo modeCheats
Victory
Defeat
🇬🇧 Bohemians · United Kingdom
1445
+18
🇨🇳 Burgundians · China
1445
+18
🇨🇳 Chinese · China
1405
+20
1386
+20
🇫🇮 Burmese · Finland
1699
-27
🇫🇮 Sicilians · Finland
1573
-23
🇫🇮 Tupi · Finland
1473
-18
🇫🇮 Saracens · Finland
1208
-8
帝国孙笑川
3:11 Loom
11:14 Feudal Age
12:03 Double-Bit Axe
15:43 Castle Age
15:03 Stone Mining
14:57 Horse Collar
18:06 Bow Saw
19:02 Fletching
19:58 Fishing Lines
24:08 Bodkin Arrow
26:32 Wheelbarrow
25:56 Gold Mining
28:24 Ballistics
30:57 Imperial Age
28:49 Padded Archer Armor
29:28 Hand Cart
28:59 Town Watch
30:34 Leather Archer Armor
30:58 Gold Shaft Mining
32:01 Conscription
32:32 Stone Shaft Mining
34:01 Chemistry
33:11 Bracer
35:07 Ring Archer Armor
35:04 Scale Barding Armor
35:33 Coinage
37:37 Rocketry
37:02 Elite Chu Ko Nu
39:16 Chain Barding Armor
39:51 Bloodlines
41:59 Husbandry
42:18 Forging
41:36 Light Cavalry
42:35 Thumb Ring
灯窝森曾瑞卜药方松滴
9:22 Loom
11:17 Feudal Age
12:24 Double-Bit Axe
12:43 Fishing Lines
13:07 Fletching
17:43 Castle Age
18:38 Medium Warships
18:36 Bodkin Arrow
19:01 Bow Saw
22:19 Ballistics
22:59 Clinker Construction
28:38 Wheelbarrow
32:55 Gold Mining
32:56 Stone Mining
36:09 Horse Collar
39:32 Imperial Age
38:15 Hand Cart
40:37 Heavy Warships
41:22 Carvel Hull
41:12 Careening
42:05 Chemistry
42:57 Bracer
43:21 Dry Dock
43:22 Shipwright
christar123 ten
10:58 Feudal Age
14:35 Castle Age
13:27 Double-Bit Axe
13:55 Loom
16:30 Bow Saw
17:07 Horse Collar
18:40 Heavy Plow
20:02 Wheelbarrow
21:27 Hand Cart
27:16 Imperial Age
24:27 Pikeman
25:32 Town Watch
26:33 Scale Mail Armor
26:43 Forging
26:35 Squires
27:45 Chemistry
27:21 Halberdier
28:01 Houfnice
29:47 Ballistics
30:03 Iron Casting
29:46 Chain Mail Armor
30:06 Iron Casting
31:39 Plate Mail Armor
32:45 Blast Furnace
32:06 Fletching
33:14 Arson
36:02 Bodkin Arrow
36:16 Siege Engineers
45:37 Coinage
45:45 Caravan
cookie tin
2:30 Double-Bit Axe
3:49 Loom
7:05 Fishing Lines
10:37 Feudal Age
12:04 Bow Saw
11:47 Gillnets
14:40 Castle Age
13:01 Horse Collar
13:44 Stone Mining
15:51 Wheelbarrow
15:10 Gold Mining
16:01 Scale Barding Armor
16:59 Town Watch
17:46 Chain Barding Armor
18:42 Hand Cart
19:25 Forging
20:23 Gold Shaft Mining
23:26 Iron Casting
27:46 Imperial Age
26:54 Fletching
28:20 Two-Man Saw
28:18 Heavy Plow
29:00 Stone Shaft Mining
28:33 Burgundian Vineyards
29:24 Plate Barding Armor
28:18 Cavalier
29:08 Husbandry
31:45 Chemistry
32:41 Blast Furnace
33:08 Hoardings
32:31 Paladin
33:47 Sappers
36:20 Ballistics
36:21 Bombard Tower
35:43 Treadmill Crane
37:40 Light Cavalry
38:56 Guilds
40:27 Conscription
40:53 Bodkin Arrow
41:30 Herbal Medicine
41:38 Hussar
42:25 Hussar
45:18 Bracer
Dasran
6:09 Loom
12:22 Feudal Age
13:12 Double-Bit Axe
13:26 Gold Mining
15:48 Horse Collar
17:13 Fletching
17:37 Forging
18:48 Town Watch
22:47 Castle Age
25:13 Castle Age
26:07 Medium Warships
26:40 Bow Saw
27:10 Fishing Lines
30:53 Wheelbarrow
30:34 Heavy Plow
31:15 Gold Shaft Mining
32:10 Hand Cart
32:07 Gillnets
35:36 Bodkin Arrow
35:43 Padded Archer Armor
39:26 Imperial Age
37:29 Ballistics
38:50 Leather Archer Armor
39:29 Elite Blackwood Archer
40:50 Bracer
42:49 Chemistry
43:23 Curare
Juyhou
2:35 Loom
9:40 Feudal Age
13:21 Castle Age
11:23 Fishing Lines
12:17 Fletching
14:00 Bodkin Arrow
14:45 Medium Warships
16:21 Gillnets
19:42 Clinker Construction
20:40 Ballistics
21:05 Fervor
23:27 Gold Mining
27:39 Wheelbarrow
29:20 Hand Cart
29:48 Stone Mining
30:34 Gold Shaft Mining
34:39 Imperial Age
32:40 Town Watch
32:56 Scale Mail Armor
35:14 Bloodlines
35:04 Husbandry
35:33 Guilds
35:45 Conscription
35:53 Parthian Tactics
36:38 Chemistry
35:17 Elite Skirmisher
36:04 Padded Archer Armor
36:45 Bracer
37:08 Elite Arambai
40:01 Scale Barding Armor
40:07 Forging
41:16 Chain Barding Armor
42:06 Coinage
41:38 Caravan
44:29 Plate Barding Armor
44:30 Iron Casting
44:54 Heavy Warships
45:08 Heavy Warships
PaidatonPillastuja
3:34 Loom
11:27 Feudal Age
16:04 Castle Age
14:34 Double-Bit Axe
14:31 Horse Collar
33:26 Wheelbarrow
34:59 Town Watch
38:14 Bow Saw
Pyrrhos
11:24 Feudal Age
14:57 Castle Age
13:46 Double-Bit Axe
14:26 Fishing Lines
16:21 Bow Saw
17:13 Gillnets
18:37 Wheelbarrow
17:49 Horse Collar
18:46 Heavy Plow
21:08 Hand Cart
20:55 Stone Mining
21:31 Gold Mining
22:38 Medium Warships
23:48 Gold Shaft Mining
24:08 Stone Shaft Mining
23:37 Loom
27:40 Imperial Age
25:33 Scale Barding Armor
25:39 Forging
26:16 Bloodlines
26:12 Husbandry
26:35 Chain Barding Armor
27:58 Town Watch
28:58 Plate Barding Armor
27:45 Cavalier
28:47 Conscription
28:56 Hauberk
31:16 Scale Mail Armor
31:17 Squires
32:12 Iron Casting
32:14 Chain Mail Armor
31:46 Arson
32:57 Guilds
32:45 Elite Serjeant
35:00 Blast Furnace
34:37 Plate Mail Armor
35:18 Blast Furnace
35:27 First Crusade
35:21 Fletching
37:43 Ballistics
38:23 Chemistry
37:09 Arrowslits
37:30 Siege Engineers
37:36 Masonry
37:22 Murder Holes
38:06 Hoardings
37:40 Bodkin Arrow
38:24 Caravan
38:45 Bracer
44:30 Crop Rotation
Connection lost

Rejoining the realm…

Still unreachable

The connection could not be restored.

Session expired

The server has moved on; the page needs a fresh start.